General information
- name: BNet
- type: Ladder team game (AT/RT)
- host: Battle.net
- saver: BEAR_AND
map: GnollWood
- players: 6
- length: 33:53
- speed: Fast
- version: 1.26 W3XP
- replay type:

» download(232 KB)
Players
team 1 (loser)
HeroOfTheDay (
yellow | 55 APM | 1867 actions | 33:50)
4 Paladin
2 Holy Light
2 Devotion Aura
2 Archmage
1 Summon Water Elemental
1 Brilliance Aura
» actions
| Assign group hotkey | 29 | |
| Basic commands | 9 | |
| Build / train | 89 | |
| Enter build submenu | 33 | |
| Enter hero's abilities submenu | 6 | |
| Give item / drop item | 6 | |
| Right click | 827 | |
| Select / deselect | 475 | |
| Select group hotkey | 298 | |
| Use ability | 95 | |
1867 total
» units
| Peasant | 13 | |
| Footman | 6 | |
| Mortar Team | 4 | |
| Siege Engine | 4 | |
| Flying Machine | 9 | |
36 total
» upgrades
| Masonry | 2 | |
| Gunpowder | 3 | |
| Sorceress Training | 2 | |
| Flare | 1 | |
| Armor | 1 | |
| Barrage | 1 | |
| Plating | 1 | |
| Flak Cannons | 1 | |
| Flying Machine Bombs | 1 | |
13 total
» buildings
| Altar of Kings | 1 | |
| Farm | 11 | |
| Barracks | 1 | |
| Scout Tower | 11 | |
| Arcane Vault | 2 | |
| Arcane Tower | 1 | |
| Lumber Mill | 2 | |
| Keep | 1 | |
| Blacksmith | 1 | |
| Guard Tower | 11 | |
| Arcane Sanctum | 1 | |
| Workshop | 3 | |
| Castle | 1 | |
47 total
» build order
00:17 Altar of Kings
00:20 Farm
00:32 Barracks
01:03 Farm
01:42 Farm
02:17 Farm
02:42 Scout Tower
02:59 Farm
03:33 Arcane Vault
03:34 Arcane Tower
03:58 Lumber Mill
05:26 Lumber Mill
05:27 Keep
05:34 Blacksmith
05:40 Scout Tower
06:26 Scout Tower
06:54 Guard Tower
07:34 Scout Tower
07:54 Arcane Sanctum
07:57 Workshop
08:01 Workshop
08:06 Scout Tower
08:07 Guard Tower
08:38 Guard Tower
08:58 Scout Tower
09:25 Guard Tower
10:55 Castle
11:24 Farm
11:25 Farm
11:27 Farm
11:30 Farm
12:12 Guard Tower
13:55 Farm
14:13 Scout Tower
14:19 Scout Tower
14:53 Arcane Vault
15:05 Scout Tower
15:09 Guard Tower
15:47 Guard Tower
15:49 Scout Tower
16:19 Guard Tower
16:32 Guard Tower
16:58 Guard Tower
17:01 Scout Tower
17:31 Guard Tower
17:35 Workshop
19:12 Farm
» items
| Scroll of Regeneration | 5 | |
| Lesser Clarity Potion | 3 | |
| Ivory Tower | 6 | |
| Scroll of Town Portal | 2 | |
| Potion of Mana | 1 | |
| Dust of Appearance | 1 | |
18 total
RUSTYBONER (
red | 48 APM | 913 actions | 18:57)
2 Keeper of the Grove
1 Entangling Roots
1 Force of Nature
1 Priestess of the Moon
1 Trueshot Aura
» actions
| Assign group hotkey | 17 | |
| Basic commands | 51 | |
| Build / train | 38 | |
| ESC pressed | 5 | |
| Enter build submenu | 19 | |
| Enter hero's abilities submenu | 3 | |
| Right click | 270 | |
| Select / deselect | 145 | |
| Select group hotkey | 326 | |
| Use ability | 39 | |
913 total
» units
» upgrades
» buildings
| Altar of Elders | 1 | |
| Moon Well | 4 | |
| Hunter's Hall | 1 | |
| Ancient of War | 2 | |
| Tree of Ages | 2 | |
| Tree of Life | 2 | |
| Ancient Protector | 4 | |
| Ancient of Wind | 1 | |
| Tree of Eternity | 1 | |
| Ancient of Wonders | 1 | |
| Chimaera Roost | 2 | |
21 total
» build order
00:09 Altar of Elders
00:13 Moon Well
02:03 Hunter's Hall
02:09 Ancient of War
02:19 Ancient of War
02:26 Moon Well
03:39 Moon Well
05:18 Tree of Ages
05:18 Tree of Ages
06:37 Tree of Life
06:49 Ancient Protector
07:49 Ancient Protector
08:01 Tree of Life
08:05 Ancient Protector
08:39 Moon Well
10:17 Ancient of Wind
10:56 Tree of Eternity
11:24 Ancient of Wonders
13:30 Chimaera Roost
13:32 Chimaera Roost
13:37 Ancient Protector
» items
| Potion of Lesser Invulnerability | 1 | |
1 total
TheRuleofThree (
pink | 44 APM | 1475 actions | 33:51)
4 Death Knight
2 Death Coil
2 Unholy Aura
3 Lich
2 Frost Nova
1 Frost Armor
» actions
| Assign group hotkey | 43 | |
| Basic commands | 21 | |
| Build / train | 65 | |
| ESC pressed | 2 | |
| Enter build submenu | 22 | |
| Enter hero's abilities submenu | 8 | |
| Remove unit from queue | 2 | |
| Right click | 727 | |
| Select / deselect | 306 | |
| Select group hotkey | 169 | |
| Use ability | 110 | |
1475 total
» units
| Acolyte | 5 | |
| Ghoul | 2 | |
| Crypt Fiend | 6 | |
| Necromancer | 6 | |
| Meatwagon | 5 | |
| Obsidian Statue | 2 | |
26 total
» upgrades
| Burrow | 1 | |
| Necromancer Training | 2 | |
| Skeletal Longevity | 1 | |
| Exhume Corpses | 1 | |
| Web | 1 | |
| Unholy Strength | 2 | |
| Skeletal Mastery | 2 | |
| Destroyer Form | 1 | |
| Creature Attack | 1 | |
12 total
» buildings
| Crypt | 1 | |
| Altar of Darkness | 1 | |
| Ziggurat | 8 | |
| Tomb of Relics | 1 | |
| Graveyard | 1 | |
| Nerubian Tower | 1 | |
| Halls of the Dead | 1 | |
| Temple of the Damned | 1 | |
| Slaughterhouse | 1 | |
| Black Citadel | 1 | |
| Spirit Tower | 4 | |
| Sacrificial Pit | 1 | |
| Necropolis | 5 | |
27 total
» build order
00:11 Crypt
00:19 Altar of Darkness
00:31 Ziggurat
00:57 Tomb of Relics
01:34 Graveyard
01:50 Nerubian Tower
02:46 Halls of the Dead
03:01 Ziggurat
03:44 Ziggurat
05:19 Temple of the Damned
05:34 Slaughterhouse
07:00 Ziggurat
10:10 Black Citadel
12:58 Ziggurat
14:04 Spirit Tower
15:06 Ziggurat
15:08 Spirit Tower
15:21 Spirit Tower
15:32 Ziggurat
18:03 Sacrificial Pit
18:48 Necropolis
18:50 Necropolis
18:56 Necropolis
20:47 Ziggurat
21:41 Spirit Tower
23:48 Necropolis
23:55 Necropolis
» items
| Rod of Necromancy | 2 | |
| Dust of Appearance | 2 | |
| Potion of Healing | 2 | |
| Orb of Corruption | 1 | |
| Scroll of Town Portal | 1 | |
| Boots of Speed | 1 | |
9 total
team 2 (winner)
BEAR_AND (
blue | 122 APM | 4146 actions | 33:53)
4 Archmage
2 Blizzard
2 Brilliance Aura
4 Mountain King
2 Storm Bolt
2 Bash
4 Paladin
2 Holy Light
2 Divine Shield
» actions
| Assign group hotkey | 6 | |
| Basic commands | 6 | |
| Build / train | 149 | |
| Enter build submenu | 63 | |
| Enter hero's abilities submenu | 12 | |
| Give item / drop item | 10 | |
| Right click | 2597 | |
| Select / deselect | 663 | |
| Select group hotkey | 298 | |
| Use ability | 338 | |
4146 total
» units
| Peasant | 18 | |
| Priest | 2 | |
| Sorceress | 1 | |
21 total
» upgrades
| Masonry | 3 | |
| Magic Sentry | 1 | |
| Sorceress Training | 1 | |
| Lumber Harvesting | 1 | |
| Priest Training | 1 | |
7 total
» buildings
| Altar of Kings | 1 | |
| Farm | 4 | |
| Lumber Mill | 3 | |
| Scout Tower | 123 | |
| Arcane Tower | 6 | |
| Guard Tower | 58 | |
| Keep | 1 | |
| Castle | 1 | |
| Arcane Sanctum | 1 | |
| Arcane Vault | 2 | |
200 total
» build order
00:17 Altar of Kings
00:22 Farm
00:35 Lumber Mill
00:46 Farm
01:57 Scout Tower
01:59 Scout Tower
02:08 Scout Tower
02:10 Scout Tower
02:27 Arcane Tower
02:28 Guard Tower
02:48 Scout Tower
02:49 Scout Tower
02:57 Guard Tower
02:58 Guard Tower
03:39 Guard Tower
03:40 Keep
03:42 Scout Tower
03:43 Scout Tower
04:09 Guard Tower
04:10 Scout Tower
04:12 Scout Tower
04:17 Farm
04:28 Scout Tower
04:31 Scout Tower
04:32 Scout Tower
04:33 Scout Tower
04:34 Scout Tower
04:35 Scout Tower
05:12 Arcane Tower
05:13 Guard Tower
05:13 Guard Tower
05:16 Scout Tower
05:17 Scout Tower
05:18 Scout Tower
05:18 Scout Tower
05:19 Scout Tower
05:19 Scout Tower
05:29 Guard Tower
05:33 Guard Tower
05:33 Guard Tower
05:40 Guard Tower
05:41 Guard Tower
05:58 Scout Tower
05:59 Scout Tower
05:59 Scout Tower
06:20 Guard Tower
06:20 Guard Tower
06:31 Guard Tower
06:33 Guard Tower
06:49 Guard Tower
06:54 Guard Tower
07:02 Guard Tower
07:08 Guard Tower
07:42 Guard Tower
07:42 Scout Tower
07:44 Scout Tower
07:44 Scout Tower
07:47 Guard Tower
08:07 Scout Tower
08:07 Scout Tower
08:08 Scout Tower
08:09 Scout Tower
08:09 Scout Tower
08:10 Scout Tower
08:58 Guard Tower
09:30 Castle
09:32 Guard Tower
10:08 Guard Tower
10:10 Scout Tower
10:19 Scout Tower
10:45 Guard Tower
10:53 Scout Tower
11:04 Scout Tower
11:04 Scout Tower
11:05 Scout Tower
11:25 Arcane Sanctum
11:43 Guard Tower
11:51 Guard Tower
11:52 Scout Tower
11:53 Scout Tower
11:54 Scout Tower
11:54 Scout Tower
12:05 Guard Tower
12:07 Scout Tower
12:08 Scout Tower
12:08 Scout Tower
12:09 Scout Tower
12:10 Scout Tower
12:13 Farm
12:26 Scout Tower
12:27 Scout Tower
12:34 Arcane Vault
12:54 Scout Tower
12:55 Scout Tower
12:55 Scout Tower
12:56 Arcane Tower
13:06 Guard Tower
13:07 Guard Tower
13:29 Guard Tower
13:29 Guard Tower
13:57 Arcane Vault
13:58 Guard Tower
15:51 Scout Tower
15:51 Scout Tower
15:52 Scout Tower
15:53 Scout Tower
15:53 Scout Tower
15:54 Scout Tower
16:07 Guard Tower
16:48 Guard Tower
16:49 Scout Tower
16:50 Scout Tower
16:50 Scout Tower
16:50 Scout Tower
16:51 Scout Tower
16:58 Scout Tower
16:59 Scout Tower
17:19 Scout Tower
17:20 Scout Tower
17:21 Scout Tower
17:21 Scout Tower
17:22 Scout Tower
17:23 Scout Tower
17:48 Scout Tower
17:49 Scout Tower
18:11 Guard Tower
18:12 Guard Tower
18:56 Guard Tower
19:00 Scout Tower
19:01 Scout Tower
19:02 Scout Tower
19:03 Scout Tower
19:03 Scout Tower
19:04 Scout Tower
19:30 Scout Tower
19:32 Scout Tower
19:32 Scout Tower
19:33 Scout Tower
19:34 Scout Tower
19:35 Scout Tower
19:36 Scout Tower
20:12 Arcane Tower
20:12 Guard Tower
20:12 Guard Tower
20:12 Guard Tower
20:22 Guard Tower
20:22 Guard Tower
20:23 Guard Tower
20:29 Arcane Tower
21:48 Guard Tower
21:48 Guard Tower
23:05 Guard Tower
24:06 Scout Tower
24:07 Scout Tower
24:07 Scout Tower
24:08 Scout Tower
24:09 Scout Tower
24:48 Guard Tower
24:52 Scout Tower
24:53 Scout Tower
26:36 Guard Tower
26:36 Guard Tower
26:39 Scout Tower
26:40 Scout Tower
26:41 Scout Tower
26:41 Scout Tower
26:41 Scout Tower
26:42 Scout Tower
26:42 Scout Tower
26:43 Scout Tower
28:07 Guard Tower
28:10 Scout Tower
28:11 Scout Tower
28:11 Scout Tower
28:12 Scout Tower
28:12 Scout Tower
28:13 Scout Tower
28:14 Scout Tower
28:15 Scout Tower
28:15 Scout Tower
28:15 Scout Tower
28:16 Scout Tower
28:17 Scout Tower
28:17 Scout Tower
28:18 Scout Tower
28:19 Scout Tower
28:20 Scout Tower
28:20 Scout Tower
28:22 Scout Tower
28:22 Scout Tower
29:32 Guard Tower
29:49 Guard Tower
29:52 Lumber Mill
29:57 Lumber Mill
30:24 Arcane Tower
» items
| Healing Salve | 5 | |
| Lesser Clarity Potion | 9 | |
| Staff of Teleportation | 4 | |
| Boots of Speed | 5 | |
| Orb of Lightning | 2 | |
| Staff of Sanctuary | 3 | |
| Scroll of Town Portal | 1 | |
| Potion of Mana | 1 | |
30 total
nadman (
teal | 115 APM | 3890 actions | 33:52)
6 Demon Hunter
3 Mana Burn
2 Evasion
1 Metamorphosis
» actions
| Assign group hotkey | 7 | |
| Basic commands | 35 | |
| Build / train | 65 | |
| ESC pressed | 4 | |
| Enter build submenu | 33 | |
| Enter hero's abilities submenu | 6 | |
| Right click | 2452 | |
| Select / deselect | 413 | |
| Select group hotkey | 770 | |
| Use ability | 105 | |
3890 total
» units
» upgrades
| Strength of the Wild | 2 | |
| Reinforced Hides | 2 | |
| Corrosive Breath | 2 | |
| Well Spring | 1 | |
7 total
» buildings
| Altar of Elders | 1 | |
| Moon Well | 16 | |
| Hunter's Hall | 1 | |
| Ancient of War | 2 | |
| Tree of Life | 6 | |
| Tree of Ages | 2 | |
| Tree of Eternity | 1 | |
| Ancient of Wind | 2 | |
| Chimaera Roost | 2 | |
33 total
» build order
00:06 Altar of Elders
00:18 Moon Well
01:28 Moon Well
02:23 Hunter's Hall
02:25 Ancient of War
02:57 Ancient of War
05:16 Moon Well
06:22 Tree of Life
07:15 Tree of Ages
10:55 Tree of Eternity
11:15 Tree of Life
12:40 Moon Well
13:21 Ancient of Wind
13:45 Tree of Life
13:55 Tree of Life
14:41 Ancient of Wind
14:43 Chimaera Roost
14:50 Chimaera Roost
19:59 Tree of Life
25:13 Tree of Life
29:46 Moon Well
29:48 Moon Well
29:49 Moon Well
29:49 Moon Well
29:53 Moon Well
29:54 Moon Well
30:13 Moon Well
30:15 Moon Well
31:53 Moon Well
31:53 Moon Well
32:25 Moon Well
32:29 Moon Well
» items
| Boots of Speed | 1 | |
| Orb of Lightning | 2 | |
| Scroll of Town Portal | 4 | |
| Potion of Healing | 1 | |
| Circlet of Nobility | 3 | |
11 total
TIMG4STRok (
green | 82 APM | 2763 actions | 33:52)
6 Blademaster
3 Wind Walk
2 Critical Strike
1 Bladestorm
» actions
| Assign group hotkey | 22 | |
| Basic commands | 16 | |
| Build / train | 83 | |
| ESC pressed | 5 | |
| Enter build submenu | 34 | |
| Enter hero's abilities submenu | 6 | |
| Give item / drop item | 6 | |
| Right click | 1629 | |
| Select / deselect | 273 | |
| Select group hotkey | 565 | |
| Use ability | 124 | |
2763 total
» units
» upgrades
| Liquid Fire | 1 | |
| Reinforced Defenses | 1 | |
| Spiked Barricades | 1 | |
| Ranged Weapons | 3 | |
| Armor | 2 | |
| Troll Regeneration | 1 | |
9 total
» buildings
| Altar of Storms | 1 | |
| War Mill | 1 | |
| Orc Burrow | 3 | |
| Watch Tower | 24 | |
| Voodoo Lounge | 7 | |
| Stronghold | 2 | |
| Fortress | 3 | |
| Beastiary | 2 | |
| Barracks | 1 | |
| Great Hall | 1 | |
45 total
» build order
00:05 Altar of Storms
00:11 War Mill
00:24 Orc Burrow
01:26 Watch Tower
02:03 Watch Tower
02:25 Voodoo Lounge
02:51 Stronghold
02:52 Stronghold
02:54 Watch Tower
03:18 Watch Tower
03:22 Watch Tower
04:06 Watch Tower
04:10 Watch Tower
04:37 Watch Tower
05:13 Watch Tower
05:15 Fortress
05:15 Fortress
05:28 Watch Tower
05:52 Beastiary
06:18 Beastiary
06:38 Voodoo Lounge
06:41 Voodoo Lounge
06:48 Voodoo Lounge
07:48 Orc Burrow
08:37 Watch Tower
09:10 Orc Burrow
10:11 Watch Tower
11:22 Voodoo Lounge
11:25 Voodoo Lounge
11:28 Voodoo Lounge
15:06 Barracks
16:38 Great Hall
16:45 Watch Tower
16:45 Watch Tower
16:46 Watch Tower
16:46 Watch Tower
16:47 Watch Tower
16:48 Watch Tower
16:49 Watch Tower
16:50 Watch Tower
16:50 Watch Tower
16:51 Watch Tower
16:52 Watch Tower
16:52 Watch Tower
» items
| Circlet of Nobility | 3 | |
| Lesser Clarity Potion | 3 | |
| Healing Salve | 1 | |
| Boots of Speed | 1 | |
| Orb of Lightning | 1 | |
9 total
Chat log
(00:12 / All) HeroOfTheDay: how long u gusy search?
(00:13 / Allies) TIMG4STRok: 100G
(17:26 / All) BEAR_AND: GG
(17:35 / All) TIMG4STRok: gg u win... deny expo so good...
(19:40 / All) BEAR_AND: LOL
(19:42 / All) BEAR_AND: bye
(19:52 / All) BEAR_AND: gg
(19:53 / All) BEAR_AND: quit now
(19:57 / All) BEAR_AND: http://highper.ch/
(23:48 / All) BEAR_AND: you killed 2 towers
(23:49 / All) BEAR_AND: lol
(27:17 / All) BEAR_AND: hey
(27:19 / All) BEAR_AND: u
(27:22 / All) BEAR_AND: how'd you get so bad?
(27:23 / All) BEAR_AND: wait
(27:25 / All) BEAR_AND: how you're so bad
(27:29 / All) BEAR_AND: no
(27:30 / All) TheRuleofThree: me? i havent played in over a year
(27:31 / All) BEAR_AND: explain
(27:33 / All) BEAR_AND: lol
(27:37 / All) BEAR_AND: i'm checking
(27:38 / All) BEAR_AND: right now
(27:40 / All) TIMG4STRok: i havent played in 3 year...my accoutn expire
(27:46 / All) TheRuleofThree: haha
(28:35 / All) BEAR_AND: full games listing is down